 Dungeon Crawl Stone Soup version 0.28-a0-563-gf77a47075d (webtiles) character file.

Game seed: 14526430509711617684

150 miscthings the Slasher (level 5, 0/41 HPs)
             Began as a Barachi Cinder Acolyte on Sept 29, 2021.
             Was a High Priest of Ignis.
             Slain by Crazy Yiuf (8 damage)
             ... on level 3 of the Dungeon.
             The game lasted 00:02:54 (2325 turns).

miscthings the Slasher (Barachi Cinder Acolyte)     Turns: 2325, Time: 00:02:55

Health: 0/41       AC:  3    Str: 15    XL:     5   Next: 32%
Magic:  0/8        EV: 11    Int: 15    God:    Ignis [*****.]
Gold:   92         SH:  0    Dex:  8    Spells: 6/8 levels left

rFire   + . .      SeeInvis .   a - -1 falchion (flame)
rCold   . . .      Faith    .   (no shield)
rNeg    . . .      Spirit   .   b - +0 robe
rPois   .          Reflect  .   (no helmet)
rElec   .          Harm     .   (no cloak)
rCorr   .          Rampage  .   f - +0 pair of gloves
Will    .....                   (no boots)
Stlth   +.........              (no amulet)
HPRegen 0.13/turn               (no ring)
MPRegen 0.11/turn               (no ring)

@: very slightly contaminated, slow
A: amphibious, slowness 1, strong legs 1, +LOS
a: Hop, Renounce Religion, Sea of Fire, Foxfire Swarm, Rising Flame


You were on level 3 of the Dungeon.
You worshipped Ignis.
Ignis was extremely pleased with you.
You visited 1 branch of the dungeon, and saw 3 of its levels.

You collected 92 gold pieces.

Inventory:

Hand Weapons
 a - a -1 falchion of flaming (weapon)
Missiles
 q - 3 javelins
Armour
 b - a +0 robe (worn)
 f - a +0 pair of gloves (worn)
Magical Staves
 p - a staff of poison
Jewellery
 d - a +6 ring of intelligence
Scrolls
 c - 2 scrolls of immolation {unknown}
 e - a scroll of noise {unknown}
 h - a scroll of fear {unknown}
 i - a scroll of teleportation {unknown}
 j - a scroll of identify {unknown}
 k - a scroll of acquirement {unknown}
 l - a scroll of blinking {unknown}
 m - a scroll of enchant armour {unknown}
 o - a scroll of amnesia {unknown}
 r - 2 scrolls of magic mapping {unknown}
 t - a scroll of silence {unknown}
Potions
 g - 2 potions of lignification {unknown}
 n - a potion of brilliance {unknown}
 s - a potion of mutation {unknown}


   Skills:
 - Level 3.6 Fighting
 + Level 6.1 Long Blades
 - Level 2.1 Spellcasting
 - Level 3.9 Fire Magic


You had 6 spell levels left.
You knew the following spells:

 Your Spells              Type           Power      Damage    Failure   Level
a - Scorch                Fire           26%        2d6       6%          2

Your spell library contained the following spells:

 Spells                   Type           Power      Damage    Failure   Level


Dungeon Overview and Level Annotations

Branches:
Dungeon (3/15)

Altars:

Annotations:
D:3 Crazy Yiuf


Innate Abilities, Weirdness & Mutations

You are amphibious.
You cover ground slowly.
You can hop short distances.
You have an extended range of vision and can be seen from far away.


Message History

You see here a +0 mace.
Found a mace.
Crazy Yiuf shouts!
You see here a +0 mace.
You see here a +0 mace.
Found a glowing mace and two maces.
Crazy Yiuf cries, "Mountain!
Walk fast illywillydillykilly."
You see here a +0 mace.
You open the door.
Crazy Yiuf hits you with a +3 quarterstaff of chaos!
Casting: Scorch (safe; 6% risk of failure)
Confirm with . or Enter, or press ? or * to list all spells.
Flames lash Crazy Yiuf.
Crazy Yiuf is heavily wounded.
Crazy Yiuf's fire resistance burns away.
Crazy Yiuf hits you with a +3 quarterstaff of chaos!
Crazy Yiuf draws strength from your wounds!
Casting: Scorch (safe; 6% risk of failure)
Confirm with . or Enter, or press ? or * to list all spells.
You miscast Scorch.
You are very lightly contaminated with residual magic.
Nothing appears to happen.
Crazy Yiuf misses you.
Casting: Scorch (safe; 6% risk of failure)
Confirm with . or Enter, or press ? or * to list all spells.
Flames lash Crazy Yiuf.
Crazy Yiuf is burned terribly!
Crazy Yiuf is lightly wounded.
Crazy Yiuf closely misses you.
Casting: Scorch (safe; 6% risk of failure)
Confirm with . or Enter, or press ? or * to list all spells.
Flames lash Crazy Yiuf.
Crazy Yiuf is burned terribly!
Crazy Yiuf is almost dead.
Crazy Yiuf hits you with a +3 quarterstaff of chaos!
* * * LOW HITPOINT WARNING * * *
You resist with some effort.
Casting: Scorch (safe; 6% risk of failure)
Confirm with . or Enter, or press ? or * to list all spells.
You don't have enough magic to cast this spell.
Flames leap up around you!
Crazy Yiuf hits you with a +3 quarterstaff of chaos!
You die...

#.##.###.##
#.##.# #..#
#.##.# ##.# ##
### #.# #.# #.##
#### ### ####..#
#..# #))v###
##P....#
#######.##
#.)vg@####......#
.........#
#))v##vv#)PP...##
#######.## ###
###)#)...## #.#
######## ## #.#
.######.#
........#
.######## ##


You could see Crazy Yiuf (combustible, ally target).

Vanquished Creatures
  Natasha (thrice) (D:2)
  2 adders (D:2)
  2 worms (D:2)
  7 ball pythons
  4 endoplasms
  3 giant cockroaches
  2 goblins
  5 hobgoblins
  2 jackals (D:2)
  2 quokkas
  6 bats
  5 frilled lizards
  9 kobolds
  A rat (D:2)
53 creatures vanquished.

Vanquished Creatures (others)
  A fungus (D:3)
1 creature vanquished.

Grand Total: 54 creatures vanquished

Notes
Turn   | Place    | Note
-------+----------+-------------------------------------------
     0 | D:1      | miscthings the Barachi Cinder Acolyte began the quest for
                  | the Orb.
     0 | D:1      | Reached XP level 1. HP: 18/18 MP: 2/2
   111 | D:1      | Reached XP level 2. HP: 18/24 MP: 4/4
   114 | D:1      | Learned a level 2 spell: Scorch
   816 | D:2      | Reached XP level 3. HP: 24/29 MP: 2/6
   848 | D:2      | Reached skill level 4 in Long Blades
  1447 | D:2      | Reached XP level 4. HP: 24/36 MP: 1/7
  1488 | D:2      | Noticed Natasha
  1491 | D:2      | Killed Natasha
  1492 | D:2      | Reached skill level 5 in Long Blades
  1590 | D:2      | Noticed Natasha
  1607 | D:2      | Killed Natasha
  1608 | D:2      | Reached XP level 5. HP: 18/41 MP: 0/8
  1740 | D:2      | Noticed Natasha
  1749 | D:2      | Killed Natasha
  1750 | D:2      | Reached skill level 6 in Long Blades
  2316 | D:3      | Found a runed translucent door.
  2317 | D:3      | Noticed Crazy Yiuf
  2325 | D:3      | Slain by Crazy Yiuf

Illustrated notes

Levels and vault maps discovered:
D:1:      ebering_trefoil_3fold, layout_loops_ring, bh_walls_and_bars
D:2:      layout_rooms, uniq_natasha
D:3:      layout_loops_ring, kennysheep_donut, hangedman_decor_growths,
          uniq_crazy_yiuf_cottage

Skill      XL: |  1  2  3  4  5 |
---------------+----------------+-----
Spellcasting   | 2 |  2.1
Long Blades    | 4 5 6 |  6.1
Fighting       | |  3.6
Fire Magic     | |  3.9

Action                   |  1- 3 |  4- 6 || total
-------------------------+-------+-------++-------
Melee: Falchion          |    95 |    23 ||   118
 Cast: Scorch            |    21 |    15 ||    36
Invok: Foxfire Swarm     |       |     1 ||     1
 Abil: Hop               |       |     1 ||     1
  Use: Potion            |     1 |       ||     1
Armor: Robe              |    23 |     3 ||    26
Dodge: Dodged            |    70 |    19 ||    89

Table legend: (Time is in decaauts)
 A = Elapsed time spent in this place.
 B = Non-inter-level travel time spent in this place.
 C = Inter-level travel time spent in this place.
 D = Time resting spent in this place.
 E = Time spent auto-exploring this place.
 F = Levels seen in this place.
 G = Mean time per level.
                   A        B        C        D        E       F      G
               +--------+--------+--------+--------+--------+-----+--------+
         Total |   2658 |   2564 |     94 |    506 |   1564 |   3 |  886.0 |
       Dungeon |   2658 |   2564 |     94 |    506 |   1564 |   3 |  886.0 |
               +--------+--------+--------+--------+--------+-----+--------+

Top non-repeatable levels by time:
     D:2: 1094 daAuts
     D:1: 908 daAuts
     D:3: 655 daAuts
